[Event "Kragero Resort A 2020"]
[Site "Kragero"]
[Date "2020.02.19"]
[Round "1.3"]
[White "Brodtkorb, Lars Johan"]
[Black "Moiseenko, Vadim"]
[Result "0-1"]
[ECO "D31"]
[WhiteElo "2179"]
[BlackElo "2550"]
[Annotator "ChessBase"]
[PlyCount "80"]
[EventDate "2020.02.19"]
[EventType "swiss"]
[EventCountry "NOR"]
[SourceTitle "playchess.com"]
[Source "ChessBase"]
[SourceQuality "1"]
[TimeControl "5400+30"]

1. d4 d5 2. c4 e6 3. Nc3 a6 4. cxd5 exd5 5. Bf4 Nf6 6. e3 Be7 7. Bd3 O-O 8. h3 Bd6 9. Be5 Be6 10. Nf3 Nc6 11. O-O Re8 12. Rc1 Qe7 13. a3 h6 14. Qc2 Kh8 15. Ne2 Nd7 16. Bxd6 Qxd6 17. Nf4 Re7 18. Rfd1 g5 19. Nxe6 fxe6 20. e4 Rf7 21. e5 Qf8 22. Be2 Qg7 23. Qb3 Nb6 24. Qe3 Rf4 25. Rd2 Raf8 26. Qc3 Ne7 27. Rcc2 Nc4 28. Bxc4 dxc4 29. Qxc4 g4 30. hxg4 Rxg4 31. Ne1 Nd5 32. g3 h5 33. Ng2 h4 34. Rd3 hxg3 35. Rxg3 Rxg3 36. fxg3 Qxg3 37. Qe2 Kg7 38. Qe1 Qg4 39. Qh4 Qg6 40. Rd2 Ne3 0-1

[Event "Kragero Resort A 2020"]
[Site "Kragero"]
[Date "2020.02.19"]
[Round "1.4"]
[White "Lie, Kjetil A."]
[Black "Royset, Pal"]
[Result "1-0"]
[ECO "A48"]
[WhiteElo "2523"]
[BlackElo "2177"]
[Annotator "ChessBase"]
[PlyCount "113"]
[EventDate "2020.02.19"]
[EventType "swiss"]
[EventCountry "NOR"]
[SourceTitle "playchess.com"]
[Source "ChessBase"]
[SourceQuality "1"]
[TimeControl "5400+30"]

1. d4 Nf6 2. Nf3 d5 3. e3 g6 4. Be2 Bg7 5. O-O O-O 6. b4 b6 7. Bb2 Bb7 8. Nbd2 Nbd7 9. c4 c5 10. dxc5 bxc5 11. b5 e6 12. a4 Qc7 13. Qc2 Rac8 14. Rfd1 Rfd8 15. Rac1 Qb8 16. Qb1 Nh5 17. Ne1 Bxb2 18. Qxb2 Nhf6 19. Nd3 Ba8 20. cxd5 Nxd5 21. Nc4 N5b6 22. Nde5 Nxe5 23. Nxe5 Nxa4 24. Qa1 Nb6 25. Ng4 e5 26. Rxd8+ Rxd8 27. Nxe5 h5 28. Rxc5 Rd2 29. Bf3 Qd6 30. Rc1 Bxf3 31. Nxf3 Rd3 32. h3 Ra3 33. Qe5 Qxe5 34. Nxe5 Nd5 35. Rc5 Ra1+ 36. Kh2 Rd1 37. Nc6 Nf6 38. Nxa7 Ne4 39. Rc2 Rb1 40. h4 Kg7 41. f3 Nd6 42. Rc5 Nf5 43. e4 Nd4 44. Rd5 Ne6 45. Rd7 Nc5 46. Rd6 Ne6 47. b6 Rb2 48. Kg3 Rb3 49. Nc8 Nc5 50. Rd4 Ne6 51. Rc4 Rb2 52. Ra4 Rb3 53. Ra7 Kg8 54. b7 Nd8 55. Nd6 Nc6 56. Ra8+ Kg7 57. Rc8 1-0

[Event "Kragero Resort A 2020"]
[Site "Kragero"]
[Date "2020.02.19"]
[Round "1.5"]
[White "Unneland, Mathias"]
[Black "Chatalbashev, Boris"]
[Result "0-1"]
[ECO "E91"]
[WhiteElo "2175"]
[BlackElo "2514"]
[Annotator "ChessBase"]
[PlyCount "96"]
[EventDate "2020.02.19"]
[EventType "swiss"]
[EventCountry "NOR"]
[SourceTitle "playchess.com"]
[Source "ChessBase"]
[SourceQuality "1"]
[TimeControl "5400+30"]

1. d4 Nf6 2. c4 c5 3. d5 g6 4. Nc3 Bg7 5. e4 d6 6. Nf3 O-O 7. Be2 e6 8. O-O Re8 9. h3 exd5 10. exd5 Bf5 11. Bd3 Ne4 12. Nxe4 Bxe4 13. Bxe4 Rxe4 14. Qc2 Re8 15. Bf4 Na6 16. a3 Qf6 17. Bg5 Qxb2 18. Qxb2 Bxb2 19. Rab1 Re2 20. Rfe1 Rxe1+ 21. Nxe1 Bxa3 22. Rxb7 Bb4 23. Nf3 Ba5 24. Nd2 Nc7 25. Ne4 Ne8 26. Be7 Bb4 27. Nxd6 Nxd6 28. Bxd6 a5 29. Be5 a4 30. g4 a3 31. Kg2 Kf8 32. f4 a2 33. Ba1 Ke8 34. f5 gxf5 35. gxf5 Ra3 36. Be5 Ra8 37. Ba1 Bd2 38. Rb2 Bf4 39. Re2+ Kd7 40. Kf3 Bd6 41. Kg4 f6 42. Re1 Be5 43. Kh5 Ke7 44. Kh6 Kf7 45. Bxe5 fxe5 46. Ra1 e4 47. d6 e3 48. d7 e2 0-1

[Event "Kragero Resort A 2020"]
[Site "Kragero"]
[Date "2020.02.19"]
[Round "1.6"]
[White "Vrolijk, Liam"]
[Black "Kvaloy, Aksel Bu"]
[Result "1-0"]
[ECO "E11"]
[WhiteElo "2501"]
[BlackElo "2174"]
[Annotator "ChessBase"]
[PlyCount "67"]
[EventDate "2020.02.19"]
[EventType "swiss"]
[EventCountry "NOR"]
[SourceTitle "playchess.com"]
[Source "ChessBase"]
[SourceQuality "1"]
[TimeControl "5400+30"]

1. Nf3 d5 2. d4 Nf6 3. c4 e6 4. g3 Bb4+ 5. Bd2 Be7 6. Bg2 O-O 7. O-O Nbd7 8. Na3 Ne4 9. Rc1 Nxd2 10. Nxd2 Nf6 11. Qb3 c6 12. Rfd1 Re8 13. e4 Nxe4 14. Nxe4 dxe4 15. Bxe4 Qb6 16. Qc3 Bd7 17. c5 Qc7 18. Nc4 Rad8 19. b4 Bf6 20. Nd6 Re7 21. Qc2 g6 22. a4 Bg7 23. b5 f5 24. Bg2 e5 25. d5 cxd5 26. Bxd5+ Be6 27. Bxe6+ Rxe6 28. Qb3 Qe7 29. c6 bxc6 30. bxc6 Kf8 31. c7 Rexd6 32. Rxd6 Qxd6 33. cxd8=Q+ Qxd8 34. Qe6 1-0

[Event "Kragero Resort A 2020"]
[Site "Kragero"]
[Date "2020.02.19"]
[Round "1.8"]
[White "Notkevich, Benjamin Arvola"]
[Black "Altarbosh, Ward"]
[Result "1-0"]
[ECO "D17"]
[WhiteElo "2495"]
[BlackElo "2149"]
[Annotator "ChessBase"]
[PlyCount "95"]
[EventDate "2020.02.19"]
[EventType "swiss"]
[EventCountry "NOR"]
[SourceTitle "playchess.com"]
[Source "ChessBase"]
[SourceQuality "1"]
[TimeControl "5400+30"]

1. Nf3 d5 2. d4 Nf6 3. c4 c6 4. Nc3 dxc4 5. a4 Bf5 6. Ne5 Nbd7 7. Nxc4 Nb6 8. Ne5 a5 9. f3 Nfd7 10. e4 Nxe5 11. dxe5 Qxd1+ 12. Kxd1 Be6 13. Kc2 f6 14. Rb1 fxe5 15. b4 Nc4 16. Bxc4 Bxc4 17. bxa5 Ba6 18. Rd1 Rc8 19. Bb2 e6 20. Na2 h5 21. Bxe5 h4 22. Nb4 Bxb4 23. Rxb4 Rd8 24. Rxd8+ Kxd8 25. Rd4+ Ke7 26. Kd2 Rg8 27. Ke3 g5 28. h3 Rc8 29. Bd6+ Kf6 30. Bc5 Rc7 31. Rd8 Rf7 32. Bd4+ Kg6 33. Rg8+ Kh6 34. Kf2 Rd7 35. Be3 Rd1 36. Bxg5+ Kh5 37. Bf4 Ra1 38. Rh8+ Kg6 39. Rxh4 c5 40. Rh6+ Kf7 41. Rh7+ Kg8 42. Rg7+ Kf8 43. Bd6+ Kxg7 44. Be5+ Kf7 45. Bxa1 Bc4 46. h4 Bb3 47. g4 Bd1 48. h5 1-0

[Event "Kragero Resort A 2020"]
[Site "Kragero"]
[Date "2020.02.19"]
[Round "1.9"]
[White "Stanford, Sheila Barth"]
[Black "Lie, Espen"]
[Result "1-0"]
[ECO "A45"]
[WhiteElo "2145"]
[BlackElo "2490"]
[Annotator "ChessBase"]
[PlyCount "102"]
[EventDate "2020.02.19"]
[EventType "swiss"]
[EventCountry "NOR"]
[SourceTitle "playchess.com"]
[Source "ChessBase"]
[SourceQuality "1"]
[TimeControl "5400+30"]

1. d4 Nf6 2. Bf4 g6 3. Nc3 Bg7 4. e4 O-O 5. Qd2 d5 6. e5 Ne4 7. Nxe4 dxe4 8. O-O-O c5 9. Ne2 Nc6 10. Qe3 Qa5 11. a3 Rd8 12. Qc3 Bg4 13. Qxa5 Nxa5 14. dxc5 Rxd1+ 15. Kxd1 g5 16. Bxg5 Bxe5 17. Kc1 f6 18. Bf4 Bxe2 19. Bxe5 Bxf1 20. Bc3 Bxg2 21. Rg1 Kf7 22. Rxg2 Nc4 23. Rg4 Rg8 24. Rxe4 Rg1+ 25. Re1 Rg2 26. Re4 Rg1+ 27. Re1 Rxe1+ 28. Bxe1 Ke6 29. b3 Ne5 30. h3 Kd5 31. Bd2 a6 32. c4+ Ke4 33. Kc2 Nd7 34. b4 f5 35. f4 e5 36. fxe5 Nxe5 37. Kc3 f4 38. b5 f3 39. Be1 axb5 40. cxb5 Ke3 41. Bg3 Ke4 42. a4 Kd5 43. Bf2 Nc4 44. c6 bxc6 45. bxc6 Nd6 46. c7 Kc6 47. Bg3 Nc8 48. Kd3 Kc5 49. Ke3 Kb4 50. Kxf3 Kxa4 51. Kf4 Kb5 1-0

[Event "Kragero Resort A 2020"]
[Site "Kragero"]
[Date "2020.02.19"]
[Round "1.10"]
[White "Castellanos Rodriguez, Renier"]
[Black "Shehzad, Shazil"]
[Result "0-1"]
[ECO "B90"]
[WhiteElo "2481"]
[BlackElo "2144"]
[Annotator "ChessBase"]
[PlyCount "64"]
[EventDate "2020.02.19"]
[EventType "swiss"]
[EventCountry "NOR"]
[SourceTitle "playchess.com"]
[Source "ChessBase"]
[SourceQuality "1"]
[TimeControl "5400+30"]

1. e4 c5 2. Nf3 d6 3. d4 cxd4 4. Nxd4 Nf6 5. Nc3 a6 6. Be3 e5 7. Nf3 Be7 8. h3 Qc7 9. g4 h6 10. g5 hxg5 11. Nxg5 b5 12. Nd5 Nxd5 13. Qxd5 Bxg5 14. Bxg5 Bb7 15. Qd3 Nd7 16. f3 Nc5 17. Qd2 Ne6 18. Be3 d5 19. exd5 Rd8 20. Qc3 Qxc3+ 21. bxc3 Bxd5 22. Kf2 Rc8 23. a4 Rxc3 24. axb5 Rxc2+ 25. Kg3 f5 26. Rc1 f4+ 27. Kg4 Rxc1 28. Bxc1 Nd4 29. Bg2 Kf7 30. Bxf4 exf4 31. bxa6 g5 32. Kxg5 Ne6+ 0-1

[Event "Kragero Resort A 2020"]
[Site "Kragero"]
[Date "2020.02.19"]
[Round "1.11"]
[White "Kizatbay, Abyl"]
[Black "Hauge, Lars Oskar"]
[Result "1-0"]
[ECO "B30"]
[WhiteElo "2142"]
[BlackElo "2472"]
[Annotator "ChessBase"]
[PlyCount "79"]
[EventDate "2020.02.19"]
[EventType "swiss"]
[EventCountry "NOR"]
[SourceTitle "playchess.com"]
[Source "ChessBase"]
[SourceQuality "1"]
[TimeControl "5400+30"]

1. e4 c5 2. Nf3 Nc6 3. Bb5 e6 4. O-O Nge7 5. d4 cxd4 6. Nxd4 Nxd4 7. Qxd4 a6 8. Be2 Nc6 9. Qd3 Qc7 10. c4 b6 11. Nc3 Bb7 12. b3 Bd6 13. Kh1 Ne5 14. Qd2 h5 15. f4 Ng4 16. Bf3 O-O-O 17. e5 Bc5 18. Qe2 d6 19. Bxb7+ Kxb7 20. Ne4 d5 21. cxd5 Rxd5 22. Bb2 Qe7 23. Rac1 Rhd8 24. Nxc5+ bxc5 25. Bc3 Qc7 26. Qe1 Qc6 27. Ba5 R8d7 28. a4 Rd3 29. b4 Rd2 30. Rf3 Qxa4 31. bxc5 Rc2 32. Rb1+ Ka8 33. h3 Nh6 34. Rfb3 Qc6 35. Qf1 Nf5 36. Kh2 Nh4 37. Rb6 Rxg2+ 38. Kh1 Rd3 39. Rb8+ Ka7 40. R1b7+ 1-0

[Event "Kragero Resort A 2020"]
[Site "Kragero"]
[Date "2020.02.19"]
[Round "1.12"]
[White "Holm, Kristian Stuvik"]
[Black "Skotheim, Andreas"]
[Result "1-0"]
[ECO "A85"]
[WhiteElo "2467"]
[BlackElo "2140"]
[Annotator "ChessBase"]
[PlyCount "91"]
[EventDate "2020.02.19"]
[EventType "swiss"]
[EventCountry "NOR"]
[SourceTitle "playchess.com"]
[Source "ChessBase"]
[SourceQuality "1"]
[TimeControl "5400+30"]

1. c4 f5 2. d4 Nf6 3. Nc3 d6 4. Bg5 Nbd7 5. Qc2 g6 6. O-O-O c6 7. Nf3 Bg7 8. e3 O-O 9. h4 h6 10. Bf4 Qa5 11. Nd2 a6 12. c5 d5 13. f3 Ne8 14. Nb3 Qd8 15. Bg3 e5 16. dxe5 Qe7 17. e4 dxe4 18. f4 Nxc5 19. Bf2 Nxb3+ 20. Qxb3+ Kh8 21. Qb6 Qf7 22. Qa5 Nc7 23. h5 gxh5 24. Be2 Ne6 25. Bxh5 Qc7 26. Qxc7 Nxc7 27. Bc5 Be6 28. Bxf8 Bxf8 29. g4 Bc5 30. Bg6 Rf8 31. gxf5 Bxf5 32. Bxf5 Rxf5 33. Rd8+ Kg7 34. Rd7+ Rf7 35. Rxf7+ Kxf7 36. Rxh6 Kg7 37. Rh3 Nd5 38. Nxd5 cxd5 39. f5 Bf2 40. Rc3 d4 41. Rc7+ Kh6 42. e6 e3 43. e7 e2 44. e8=Q e1=Q+ 45. Qxe1 Bxe1 46. Rxb7 1-0

[Event "Kragero Resort A 2020"]
[Site "Kragero"]
[Date "2020.02.19"]
[Round "1.13"]
[White "Mansoor, Afras"]
[Black "Haldorsen, Benjamin"]
[Result "0-1"]
[ECO "A85"]
[WhiteElo "2105"]
[BlackElo "2462"]
[Annotator "ChessBase"]
[PlyCount "73"]
[EventDate "2020.02.19"]
[EventType "swiss"]
[EventCountry "NOR"]
[SourceTitle "playchess.com"]
[Source "ChessBase"]
[SourceQuality "1"]
[TimeControl "5400+30"]

1. c4 f5 2. Nc3 Nf6 3. Nf3 g6 4. d4 Bg7 5. Bf4 d6 6. Qd2 h6 7. h4 e6 8. O-O-O Nc6 9. Qc2 O-O 10. a3 Qe7 11. Bh2 Ng4 12. e4 Nxh2 13. Rxh2 e5 14. Nd5 Qf7 15. dxe5 Nxe5 16. Nxe5 Bxe5 17. f4 Bg7 18. h5 gxh5 19. Be2 h4 20. Rxh4 c6 21. Bh5 Qd7 22. Ne3 Qe7 23. Qf2 fxe4 24. g4 Be6 25. Bg6 Qf6 26. Bxe4 Qxf4 27. Qxf4 Rxf4 28. Bf5 Bf7 29. Rxd6 Re8 30. Rh3 Rf2 31. Rd2 Rxd2 32. Kxd2 Bxb2 33. Rxh6 Rxe3 34. Kxe3 Bc1+ 35. Kd3 Bxh6 36. Bc8 b6 37. Kd4 0-1

[Event "Kragero Resort A 2020"]
[Site "Kragero"]
[Date "2020.02.19"]
[Round "1.14"]
[White "Mirzoev, Emil"]
[Black "Lund, Terje"]
[Result "1-0"]
[ECO "E65"]
[WhiteElo "2452"]
[BlackElo "2086"]
[Annotator "ChessBase"]
[PlyCount "65"]
[EventDate "2020.02.19"]
[EventType "swiss"]
[EventCountry "NOR"]
[SourceTitle "playchess.com"]
[Source "ChessBase"]
[SourceQuality "1"]
[TimeControl "5400+30"]

1. Nf3 Nf6 2. g3 c5 3. Bg2 Nc6 4. O-O g6 5. c4 Bg7 6. d4 cxd4 7. Nxd4 O-O 8. Nc3 d6 9. Nxc6 bxc6 10. Bxc6 Rb8 11. Bg2 Qa5 12. Nb5 a6 13. Nd4 Bd7 14. b3 Rfc8 15. Bd2 Qc5 16. e3 Bg4 17. Qe1 Qh5 18. f3 Bd7 19. Rc1 d5 20. c5 e5 21. g4 Bxg4 22. fxg4 Nxg4 23. Nf3 e4 24. h3 Nf6 25. Nd4 Nd7 26. Qg3 Be5 27. Qf2 f5 28. Ne6 Rc6 29. Nf4 Qg5 30. Bc3 Bxc3 31. Rxc3 Rb5 32. Qd2 Nf6 33. Qd4 1-0

[Event "Kragero Resort A 2020"]
[Site "Kragero"]
[Date "2020.02.19"]
[Round "1.15"]
[White "Holleland, Sigve"]
[Black "Haug, Johannes"]
[Result "1/2-1/2"]
[ECO "E11"]
[WhiteElo "2076"]
[BlackElo "2426"]
[Annotator "NA"]
[PlyCount "56"]
[EventDate "2020.02.19"]
[EventType "swiss"]
[EventCountry "NOR"]
[SourceTitle "playchess.com"]
[Source "ChessBase"]
[SourceQuality "1"]
[TimeControl "5400+30"]

1. d4 Nf6 2. c4 e6 3. Nf3 Bb4+ 4. Bd2 a5 5. g3 d5 6. Bg2 O-O 7. O-O Be7 8. Bf4 c6 9. Ne5 Nfd7 10. Nxd7 Nxd7 11. Nd2 b5 12. cxb5 cxb5 13. e4 Nb6 14. Rc1 Bd6 15. Bxd6 Qxd6 16. exd5 Nxd5 17. Ne4 Qb6 18. Rc5 Bb7 19. Qe2 b4 20. Rfc1 h6 21. Nd2 a4 22. Qe5 Ra5 23. Rxa5 Qxa5 24. Rc5 Qa7 25. Nc4 Ba8 26. Be4 Rd8 27. f4 Qe7 28. f5 Qf6 1/2-1/2

[Event "Kragero Resort A 2020"]
[Site "Kragero"]
[Date "2020.02.19"]
[Round "1.16"]
[White "Seo, Jung Min"]
[Black "Woithe, Daniel"]
[Result "1-0"]
[ECO "A18"]
[WhiteElo "2424"]
[BlackElo "2067"]
[Annotator "NA"]
[PlyCount "131"]
[EventDate "2020.02.19"]
[EventType "swiss"]
[EventCountry "NOR"]
[SourceTitle "playchess.com"]
[Source "ChessBase"]
[SourceQuality "1"]
[TimeControl "5400+30"]

1. c4 Nf6 2. Nc3 e6 3. e4 d5 4. cxd5 exd5 5. e5 Ne4 6. Nf3 Bf5 7. d4 Bb4 8. Qb3 c5 9. Bb5+ Nc6 10. O-O Bxc3 11. bxc3 O-O 12. dxc5 Nxc5 13. Qa3 Ne4 14. Bxc6 bxc6 15. Nd4 Bd7 16. f3 Ng5 17. Qd6 Ne6 18. Ba3 Re8 19. Nb3 Nf4 20. Nd4 Qg5 21. g3 Rad8 22. Qc7 Qxe5 23. Qxe5 Nh3+ 24. Kg2 Rxe5 25. Bd6 Ree8 26. Rfe1 f6 27. Rxe8+ Rxe8 28. Rb1 Ng5 29. Rb7 Rd8 30. Be7 Bh3+ 31. Kf2 Rd7 32. Rb8+ Kf7 33. Bb4 c5 34. Bxc5 Ne6 35. Nb3 Bf5 36. Ke3 Bb1 37. a3 Ba2 38. Bd4 Bxb3 39. Rxb3 Nxd4 40. Kxd4 Ke6 41. Rb5 Rc7 42. Rc5 Rd7 43. f4 g5 44. f5+ Ke7 45. Rxd5 Rb7 46. Ra5 h5 47. c4 h4 48. gxh4 gxh4 49. c5 h3 50. Kd5 Rd7+ 51. Kc6 Kd8 52. Ra4 Rd2 53. Rxa7 Rxh2 54. Rf7 Ra2 55. Rxf6 Rxa3 56. Rf8+ Ke7 57. Rh8 Kf6 58. Rh5 Ke5 59. Kc7 Rc3 60. c6 h2 61. Rxh2 Kxf5 62. Re2 Rc1 63. Kd7 Rd1+ 64. Kc8 Rc1 65. c7 Kf6 66. Rb2 1-0

[Event "Kragero Resort A 2020"]
[Site "Kragero"]
[Date "2020.02.19"]
[Round "1.17"]
[White "Bergvoll, Mats"]
[Black "Gharibyan, Mamikon"]
[Result "0-1"]
[ECO "E49"]
[WhiteElo "2059"]
[BlackElo "2405"]
[Annotator "NA"]
[PlyCount "53"]
[EventDate "2020.02.19"]
[EventType "swiss"]
[EventCountry "NOR"]
[SourceTitle "playchess.com"]
[Source "ChessBase"]
[SourceQuality "1"]
[TimeControl "5400+30"]

1. d4 Nf6 2. c4 e6 3. Nc3 Bb4 4. f3 d5 5. a3 Bxc3+ 6. bxc3 c5 7. cxd5 exd5 8. e3 O-O 9. Bd3 b6 10. Ne2 Ba6 11. O-O Re8 12. Ng3 Bxd3 13. Qxd3 Nc6 14. Bb2 Na5 15. Rae1 Nc4 16. Bc1 Rc8 17. e4 cxd4 18. cxd4 dxe4 19. fxe4 Ng4 20. Rd1 Qh4 21. h3 Nge3 22. Bxe3 Qxg3 23. Rf3 Qg6 24. e5 Red8 25. Qb3 Qe6 26. Rdf1 Nxe5 27. Qd1 0-1

[Event "Kragero Resort A 2020"]
[Site "Kragero"]
[Date "2020.02.19"]
[Round "1.18"]
[White "Gretarsson, Helgi Ass"]
[Black "Sorensen, Simen"]
[Result "1-0"]
[ECO "D58"]
[WhiteElo "2403"]
[BlackElo "2041"]
[Annotator "NA"]
[PlyCount "61"]
[EventDate "2020.02.19"]
[EventType "swiss"]
[EventCountry "NOR"]
[SourceTitle "playchess.com"]
[Source "ChessBase"]
[SourceQuality "1"]
[TimeControl "5400+30"]

1. Nf3 d5 2. d4 Nf6 3. Bg5 e6 4. e3 Be7 5. c4 O-O 6. Nc3 h6 7. Bh4 b6 8. Be2 Bb7 9. Bxf6 Bxf6 10. cxd5 exd5 11. b4 Qd6 12. Qb3 c6 13. O-O Nd7 14. Rab1 Rfd8 15. Rfe1 a5 16. bxa5 Rxa5 17. a4 Rb8 18. e4 dxe4 19. Nxe4 Qf4 20. Bc4 Be7 21. Be6 fxe6 22. Qxe6+ Qf7 23. Qxd7 Ba8 24. Ne5 Qe8 25. Qe6+ Kh7 26. Nd7 Rd8 27. Nef6+ gxf6 28. Nxf6+ Bxf6 29. Qxf6 Qxe1+ 30. Rxe1 Rd7 31. Re6 1-0

[Event "Kragero Resort A 2020"]
[Site "Kragero"]
[Date "2020.02.19"]
[Round "1.19"]
[White "Tunsjo, Axel"]
[Black "Osmak, Iulija"]
[Result "0-1"]
[ECO "C11"]
[WhiteElo "2035"]
[BlackElo "2394"]
[Annotator "NA"]
[PlyCount "54"]
[EventDate "2020.02.19"]
[EventType "swiss"]
[EventCountry "NOR"]
[SourceTitle "playchess.com"]
[Source "ChessBase"]
[SourceQuality "1"]
[TimeControl "5400+30"]

1. e4 e6 2. Nf3 d5 3. Nc3 Nf6 4. e5 Nfd7 5. d4 c5 6. dxc5 Nc6 7. Bf4 Nxc5 8. Be2 Be7 9. O-O O-O 10. Re1 f6 11. exf6 Bxf6 12. Bg3 Ne4 13. Bd3 Nxg3 14. hxg3 Kh8 15. Qd2 e5 16. Bb5 e4 17. Nh2 Be6 18. Rad1 Qb6 19. Ba4 Bd4 20. Nf3 Bxc3 21. bxc3 Bg4 22. Rb1 Qc7 23. Nd4 Rad8 24. Rb5 Bc8 25. Reb1 Ne5 26. Bb3 Ng4 27. Bxd5 e3 0-1

[Event "Kragero Resort A 2020"]
[Site "Kragero"]
[Date "2020.02.19"]
[Round "1.20"]
[White "Kaasen, Tor Fredrik"]
[Black "Jonsson, Gauti Pall"]
[Result "1-0"]
[ECO "B47"]
[WhiteElo "2393"]
[BlackElo "2027"]
[Annotator "NA"]
[PlyCount "101"]
[EventDate "2020.02.19"]
[EventType "swiss"]
[EventCountry "NOR"]
[SourceTitle "playchess.com"]
[Source "ChessBase"]
[SourceQuality "1"]
[TimeControl "5400+30"]

1. e4 c5 2. Nf3 e6 3. d4 cxd4 4. Nxd4 Nc6 5. Nc3 Qc7 6. g3 a6 7. Bg2 Nf6 8. O-O Nxd4 9. Qxd4 Bc5 10. Bf4 d6 11. Qd2 e5 12. Bg5 Be6 13. Bxf6 gxf6 14. Nd5 Bxd5 15. Qxd5 Qc6 16. Qd1 h5 17. h4 O-O-O 18. Qf3 Rh6 19. Rfd1 Kb8 20. Rd3 Rg8 21. c3 Rhg6 22. Kh2 Qb5 23. Rd2 d5 24. b4 dxe4 25. Qxe4 Bxf2 26. Rxf2 Rxg3 27. Qf5 Qc4 28. Qxf6 Qxc3 29. Qd6+ Ka7 30. Qc5+ Qxc5 31. bxc5 e4 32. Re1 f5 33. Bh3 Rc3 34. Bxf5 e3 35. Rc2 Ra3 36. Be6 Re8 37. Bb3 Re4 38. Kg3 Ra5 39. Kf3 Rxh4 40. Rxe3 Rb5 41. Re4 Rxe4 42. Kxe4 Kb8 43. Kd5 b6 44. Kc6 Ka7 45. Bd5 bxc5 46. Rf2 Rb6+ 47. Kxc5 Rb5+ 48. Kc6 Rb6+ 49. Kc7 Rh6 50. Rf8 Rh7+ 51. Kc6 1-0

[Event "Kragero Resort A 2020"]
[Site "Kragero"]
[Date "2020.02.19"]
[Round "1.21"]
[White "Petursson, Gudni"]
[Black "Sriram, Jha"]
[Result "0-1"]
[ECO "A42"]
[WhiteElo "2026"]
[BlackElo "2383"]
[Annotator "NA"]
[PlyCount "60"]
[EventDate "2020.02.19"]
[EventType "swiss"]
[EventCountry "NOR"]
[SourceTitle "playchess.com"]
[Source "ChessBase"]
[SourceQuality "1"]
[TimeControl "5400+30"]

1. d4 g6 2. c4 Bg7 3. Nc3 d6 4. e4 Nc6 5. Be3 e5 6. Nge2 Nh6 7. f3 f5 8. d5 Ne7 9. Qd2 Nf7 10. O-O-O O-O 11. Kb1 c5 12. Nc1 a6 13. h4 f4 14. Bf2 Bd7 15. g3 b5 16. h5 Ng5 17. hxg6 Nxg6 18. gxf4 exf4 19. Bd3 Nxf3 20. Qe2 Bg4 21. Rdg1 Qd7 22. Rxg4 Qxg4 23. cxb5 Nfe5 24. bxa6 Rfb8 25. Rg1 Qh3 26. Bb5 Nf3 27. Rd1 Nd4 28. Qc4 Ne5 29. Qa4 Nxb5 30. Nxb5 Qd7 0-1

[Event "Kragero Resort A 2020"]
[Site "Kragero"]
[Date "2020.02.19"]
[Round "1.22"]
[White "Abdrlauf, Elham"]
[Black "Olsen, Robin"]
[Result "1-0"]
[ECO "B14"]
[WhiteElo "2381"]
[BlackElo "2025"]
[Annotator "NA"]
[PlyCount "103"]
[EventDate "2020.02.19"]
[EventType "swiss"]
[EventCountry "NOR"]
[SourceTitle "playchess.com"]
[Source "ChessBase"]
[SourceQuality "1"]
[TimeControl "5400+30"]

1. e4 c6 2. c4 d5 3. exd5 cxd5 4. d4 Nf6 5. Nc3 g6 6. Bg5 Bg7 7. Bxf6 Bxf6 8. cxd5 O-O 9. Nf3 Nd7 10. Qb3 Nb6 11. h3 e6 12. d6 Qxd6 13. Ne4 Qd8 14. Nxf6+ Qxf6 15. Bd3 Bd7 16. Be4 Bc6 17. Bxc6 bxc6 18. O-O Rac8 19. Rac1 Qd8 20. Rc5 Nd7 21. Rc3 c5 22. Rfc1 Rb8 23. Qa3 cxd4 24. Nxd4 Ne5 25. Qc5 Qf6 26. Nb3 Rbd8 27. Qe3 g5 28. Rc5 Rd5 29. Rxd5 exd5 30. Qxa7 Nd3 31. Rd1 Qxb2 32. Qe3 Nf4 33. g3 Ne6 34. Nd4 Qb6 35. Qe5 Nxd4 36. Rxd4 h6 37. Qxd5 Re8 38. Kg2 Kg7 39. a4 Re6 40. h4 Qc6 41. hxg5 hxg5 42. Qxc6 Rxc6 43. a5 f5 44. Rb4 Rc5 45. Ra4 Rc7 46. a6 Ra7 47. g4 Kf6 48. Kf3 fxg4+ 49. Kxg4 Ke5 50. Kxg5 Rg7+ 51. Kh6 Ra7 52. Kg6 1-0

[Event "Kragero Resort A 2020"]
[Site "Kragero"]
[Date "2020.02.19"]
[Round "1.23"]
[White "Nilsen, Tobias Lang"]
[Black "Tryggestad, Andreas Garberg"]
[Result "0-1"]
[ECO "B80"]
[WhiteElo "2019"]
[BlackElo "2380"]
[Annotator "NA"]
[PlyCount "114"]
[EventDate "2020.02.19"]
[EventType "swiss"]
[EventCountry "NOR"]
[SourceTitle "playchess.com"]
[Source "ChessBase"]
[SourceQuality "1"]
[TimeControl "5400+30"]

1. e4 c5 2. Nf3 e6 3. d4 cxd4 4. Nxd4 Nc6 5. Nc3 Qc7 6. Be3 Nf6 7. Bd3 Be7 8. O-O O-O 9. f4 d6 10. Qf3 Nxd4 11. Bxd4 e5 12. Be3 exf4 13. Bxf4 Qb6+ 14. Kh1 Qxb2 15. Nb5 Qb4 16. e5 dxe5 17. Bxe5 Bd7 18. Nc7 Rac8 19. Bxf6 Bxf6 20. Nd5 Qh4 21. Nxf6+ Qxf6 22. Qxf6 gxf6 23. Rxf6 Kg7 24. Rf4 Rc5 25. Rb1 b6 26. Kg1 Rfc8 27. Bxh7 f5 28. Rd1 R8c7 29. Rxd7+ Rxd7 30. Bxf5 Rd1+ 31. Kf2 Rd2+ 32. Kg3 b5 33. Be4 a5 34. h4 b4 35. Rf5 Rc3+ 36. Rf3 Rcxc2 37. Bxc2 Rxc2 38. Rf5 Rxa2 39. Rb5 Ra3+ 40. Kf4 b3 41. Ke4 a4 42. Kd3 Ra2 43. Kc3 Rxg2 44. Rb4 Rc2+ 45. Kd3 Ra2 46. Kc3 Kh6 47. Rb5 Kg6 48. Rg5+ Kh6 49. Rb5 Rh2 50. Rb6+ Kg7 51. Rb4 Ra2 52. Rb5 Kf6 53. h5 Kg7 54. Ra5 b2 55. Rb5 a3 56. Rb7+ Kh6 57. Kc2 Ra1 0-1

[Event "Kragero Resort A 2020"]
[Site "Kragero"]
[Date "2020.02.19"]
[Round "1.24"]
[White "Salimova, Nurgyul"]
[Black "Digernes, Magnus"]
[Result "1-0"]
[ECO "E60"]
[WhiteElo "2372"]
[BlackElo "2017"]
[Annotator "NA"]
[PlyCount "77"]
[EventDate "2020.02.19"]
[EventType "swiss"]
[EventCountry "NOR"]
[SourceTitle "playchess.com"]
[Source "ChessBase"]
[SourceQuality "1"]
[TimeControl "5400+30"]

1. Nf3 Nf6 2. d4 g6 3. g3 Bg7 4. Bg2 d6 5. O-O O-O 6. b3 c6 7. c4 Qa5 8. Bb2 Qh5 9. Nbd2 Bh3 10. e4 Ng4 11. Nh4 Bxg2 12. Kxg2 Nd7 13. h3 Ngf6 14. f4 Qa5 15. e5 Ne8 16. Nhf3 Nc7 17. Qc2 b5 18. h4 Rfd8 19. h5 Nf8 20. hxg6 fxg6 21. Bc3 Qa6 22. f5 gxf5 23. Qxf5 Qc8 24. Qh5 Qe6 25. Ba5 Rdc8 26. Rae1 Qg6 27. Qh4 Nce6 28. Qxe7 Nf4+ 29. Kh2 Re8 30. Qh4 Nd3 31. Re4 Qh6 32. Qxh6 Bxh6 33. exd6 Rxe4 34. Nxe4 bxc4 35. bxc4 Nb2 36. Ne5 Bg7 37. Nf6+ Bxf6 38. Rxf6 Re8 39. Rf2 1-0

[Event "Kragero Resort A 2020"]
[Site "Kragero"]
[Date "2020.02.19"]
[Round "1.25"]
[White "Stellas, Dimitrios"]
[Black "Miedema, David"]
[Result "0-1"]
[ECO "D00"]
[WhiteElo "2015"]
[BlackElo "2368"]
[Annotator "NA"]
[PlyCount "109"]
[EventDate "2020.02.19"]
[EventType "swiss"]
[EventCountry "NOR"]
[SourceTitle "playchess.com"]
[Source "ChessBase"]
[SourceQuality "1"]
[TimeControl "5400+30"]

1. d4 Nf6 2. Bf4 d5 3. e3 c5 4. c3 Qb6 5. Qb3 c4 6. Qc2 g6 7. Nd2 Bf5 8. Qc1 Bg7 9. Ngf3 O-O 10. h3 Nc6 11. Be2 Rfc8 12. O-O Qd8 13. Bd1 b5 14. a3 a5 15. Bc2 Qd7 16. Ne5 Nxe5 17. Bxe5 Ra6 18. Re1 Ne4 19. Bxg7 Kxg7 20. f3 Nxd2 21. Qxd2 Bxc2 22. Qxc2 Rb6 23. e4 dxe4 24. Rxe4 b4 25. axb4 axb4 26. Rae1 e6 27. Qd2 Qd6 28. Re5 bxc3 29. bxc3 Rb3 30. d5 Qb6+ 31. Qe3 exd5 32. Qxb6 Rxb6 33. Rxd5 Rb2 34. Rd4 Rc2 35. Re3 h5 36. f4 Rc5 37. Rg3 Ra5 38. f5 Rxf5 39. Rxc4 g5 40. Rf3 Rxf3 41. gxf3 Kg6 42. Rc5 h4 43. c4 f6 44. Rc8 Kf5 45. c5 Kf4 46. c6 Kg3 47. Kf1 Kxf3 48. Ke1 Kg3 49. Kd1 Rc5 50. Ke2 Kxh3 51. Kd3 g4 52. Kd4 Rc1 53. Kd5 g3 54. c7 g2 55. Kd4 0-1